Map: Blackburn LE

Players

Neeb - Winner!

  • Race: Protoss Protoss

Asuna

  • Race: Protoss Protoss

Event: DreamHack SC2 Masters 2021 Winter

VOD

Have the link to the VOD?

Description

Time

  • Played on: Oct. 6, 2021, 4:40 p.m.
  • Length: 18:42

All games in this series

Show
View Real Time Build Order
Export as new Build Order

Neeb Protoss - Winner!

Build Orders:  

Get SALT Encoding   

  12  0:00  Probe  
  13  0:12  Probe  
  14  0:18  Pylon  
  14  0:24  Probe  
  15  0:36  Probe (Chrono Boost)  
  15  0:39  Gateway  
  16  0:46  Probe (Chrono Boost)  
  16  0:47  Assimilator  
  17  0:51  Probe (Chrono Boost)  
  18  1:00  Assimilator  
  18  1:03  Probe (Chrono Boost)  
  19  1:08  Pylon  
  19  1:14  Probe (Chrono Boost)  
  20  1:21  Forge  
  20  1:26  Zealot  
  22  1:33  Pylon  
  22  1:38  Gateway  
  22  1:53  Zealot (Chrono Boost)  
  24  2:11  Photon Cannon  
  21  2:27  Cybernetics Core  
  23  2:45  Zealot  
  23  2:50  Pylon  
  23  2:58  Photon Cannon  
  23  3:12  Zealot  
  17  3:24  Probe (Chrono Boost)  
  18  3:36  Probe (Chrono Boost)  
  19  3:45  Probe (Chrono Boost)  
  20  3:52  Cybernetics Core  
  20  3:57  Probe  
  21  4:09  Probe  
  22  4:14  Assimilator  
  22  4:21  Probe  
  23  4:33  Stargate  
  23  4:36  Probe  
  22  4:52  Probe (Chrono Boost)  
  22  5:07  Probe (Chrono Boost)  
  22  5:12  Void Ray (Chrono Boost)  
  27  5:30  Shield Battery  
  27  5:34  Probe  
  28  5:46  Probe  
  28  5:48  Stalker  
  31  6:05  Probe  
  32  6:15  Void Ray (Chrono Boost)  
  32  6:17  Probe  
  37  6:29  Probe  
  37  6:41  Probe  
  38  6:47  Void Ray  
  38  6:53  Probe  
  43  7:00  Warp Gate  
  43  7:05  Probe  
  43  7:07  Pylon  
  44  7:18  Probe  
  44  7:22  Void Ray (Chrono Boost)  
  49  7:42  Nexus  
  49  7:48  Pylon  
  49  7:56  Stalker  
  55  8:08  Probe  
  56  8:23  Probe  
  56  8:25  Gateway  
  56  8:26  Twilight Council  
  53  8:35  Probe, Shield Battery  
  54  8:47  Probe  
  55  8:51  Pylon  
  55  8:54  Probe  
  56  8:56  Blink (Chrono Boost)  
  56  8:59  Probe  
  56  9:00  Stalker  
  59  9:06  Probe  
  60  9:11  Probe  
  60  9:14  Protoss Ground Weapons Level 1  
  61  9:18  Probe  
  61  9:20  Stalker  
  61  9:23  Probe  
  65  9:30  Probe  
  66  9:31  Sentry  
  66  9:35  Probe  
  69  9:42  Probe  
  69  9:44  Stalker  
  72  9:47  Probe  
  72  9:48  Gateway x2  
  73  9:54  Probe  
  72  10:02  Stalker  
  72  10:03  Probe  
  75  10:08  Assimilator  
  75  10:12  Stalker  
  77  10:20  Pylon  
  78  10:21  Pylon  
  78  10:27  Pylon  
  77  10:31  Pylon  
  77  10:40  Stalker x2  
  81  10:45  Stalker x2  
  85  10:51  Nexus  
  85  11:03  Probe  
  86  11:05  Robotics Facility, Probe  
  87  11:11  Sentry  
  87  11:14  Pylon  
  87  11:16  Probe  
  87  11:17  Probe  
  91  11:20  Stalker x2  
  95  11:28  Probe  
  95  11:29  Stalker, Probe  
  87  11:41  Probe  
  87  11:44  Stalker x3  
  87  11:47  Probe  
  95  11:52  Shield Battery  
  95  11:53  Stalker, Probe  
  98  11:59  Probe  
  99  12:05  Probe  
  100  12:11  Stalker x2  
  104  12:16  Protoss Ground Weapons Level 2 (Chrono Boost), Shield Battery  
  104  12:19  Shield Battery  
  104  12:32  Stalker x2  
  108  12:38  Stalker x2  
  96  12:59  Stalker x2  
  96  13:05  Probe x2  
  86  13:08  Stalker x2  
  86  13:09  Shield Battery  
  86  13:10  Shield Battery  
  84  13:14  Gateway  
  84  13:15  Gateway, Assimilator  
  84  13:19  Probe x2  
  78  13:24  Stalker x2  
  76  13:34  Stalker x2  
  77  13:37  Assimilator  
  76  13:45  Stalker x2  
  80  13:50  Gateway  
  80  13:52  Gateway  
  80  13:56  Stalker x2  
  80  14:00  Probe  
  80  14:01  Assimilator, Probe x2, Charge (Chrono Boost)  
  87  14:03  Warp Prism (Chrono Boost)  
  89  14:12  Dark Shrine  
  89  14:19  Zealot x5, Sentry  
  100  14:28  Probe x2  
  100  14:30  Probe, Protoss Ground Weapons Level 3  
  98  14:52  Zealot x3, Nexus  
  104  14:55  Sentry  
  104  14:57  Pylon  
  106  15:23  Probe x2  
  106  15:24  Observer, Dark Templar  
  106  15:27  Dark Templar x3  
  106  15:28  Dark Templar  
  119  15:34  Zealot x3  
  125  15:36  Probe x2  
  127  15:47  Shield Battery x2  
  127  15:48  Photon Cannon x2  
  127  15:54  Immortal (Chrono Boost)  
  127  15:57  Probe  
  126  16:03  Probe x2  
  132  16:05  Assimilator  
  132  16:06  Dark Templar x2  
  132  16:08  Assimilator  
  132  16:10  Archon  
  132  16:11  Archon  
  136  16:14  Stalker x3  
  136  16:18  Archon  
  142  16:23  Probe x2  
  142  16:25  Zealot, Dark Templar x2  
  150  16:34  Archon  
  150  16:37  Immortal  
  154  16:43  Dark Templar  
  156  16:49  Dark Templar  
  156  16:54  Pylon  
  156  16:56  Pylon  
  156  16:57  Archon  
  156  16:58  Pylon  
  152  17:05  Dark Templar x2  
  156  17:15  Zealot x3  
  156  17:17  Archon  
  156  17:22  Dark Templar x3  
  152  17:28  Probe  
  128  17:31  Probe  
  128  17:35  Probe  
  126  17:37  Stalker x5  
  126  17:41  Archon  
  136  17:52  Dark Templar x2  
  136  17:53  Dark Templar  
  136  17:57  Archon  
  136  17:58  Dark Templar, Archon  
  142  17:59  Stalker x2, Dark Templar  
  142  18:05  Archon  
  150  18:19  Nexus  
  151  18:28  Zealot  
  151  18:29  Zealot x7  
Show
View Real Time Build Order
Export as new Build Order

Asuna Protoss 

Build Orders:  

Get SALT Encoding   

  12  0:00  Probe  
  13  0:12  Probe  
  14  0:28  Probe, Pylon  
  15  0:47  Gateway  
  15  0:48  Gateway  
  15  0:57  Gateway  
  15  1:01  Probe  
  16  1:15  Pylon  
  16  1:17  Pylon  
  16  1:24  Pylon  
  16  1:36  Zealot (Chrono Boost)  
  16  1:37  Zealot (Chrono Boost)  
  20  1:54  Zealot (Chrono Boost)  
  22  1:56  Zealot (Chrono Boost)  
  22  1:57  Zealot (Chrono Boost)  
  25  2:20  Zealot (Chrono Boost)  
  29  2:25  Zealot (Chrono Boost)  
  29  2:27  Zealot (Chrono Boost)  
  27  2:40  Zealot  
  29  2:45  Zealot  
  29  2:49  Zealot  
  31  3:07  Zealot  
  31  3:12  Zealot  
  29  3:16  Zealot  
  27  3:26  Pylon  
  27  3:44  Zealot, Probe  
  30  3:50  Pylon  
  30  3:57  Probe  
  30  4:01  Assimilator  
  31  4:04  Cybernetics Core  
  31  4:09  Probe (Chrono Boost)  
  34  4:17  Assimilator  
  34  4:20  Probe (Chrono Boost)  
  31  4:25  Probe (Chrono Boost)  
  30  4:35  Probe  
  27  4:48  Probe  
  22  4:57  Adept (Chrono Boost)  
  24  5:00  Adept (Chrono Boost)  
  24  5:01  Probe  
  24  5:06  Warp Gate (Chrono Boost)  
  27  5:13  Probe  
  28  5:15  Pylon  
  28  5:16  Shield Battery  
  28  5:25  Probe  
  29  5:33  Nexus  
  29  5:38  Probe  
  29  5:42  Stargate  
  32  5:50  Probe  
  33  6:01  Stargate  
  33  6:02  Probe  
  33  6:10  Gateway  
  31  6:25  Pylon, Shield Battery  
  31  6:28  Pylon  
  31  6:43  Probe, Pylon  
  31  6:44  Pylon  
  32  6:49  Phoenix (Chrono Boost)  
  34  7:00  Pylon  
  34  7:07  Gateway  
  34  7:08  Phoenix (Chrono Boost)  
  34  7:09  Gateway  
  34  7:11  Stalker  
  38  7:29  Assimilator  
  38  7:30  Phoenix (Chrono Boost)  
  38  7:34  Stargate  
  40  7:38  Stalker  
  40  7:41  Probe  
  40  7:42  Probe  
  44  7:47  Shield Battery  
  44  7:49  Phoenix (Chrono Boost)  
  46  7:57  Probe  
  47  8:03  Probe  
  48  8:05  Assimilator  
  48  8:06  Phoenix  
  48  8:24  Pylon  
  48  8:25  Phoenix (Chrono Boost)  
  52  8:34  Probe x2  
  52  8:38  Phoenix (Chrono Boost)  
  54  8:47  Phoenix  
  54  8:54  Nexus  
  56  9:00  Phoenix  
  58  9:05  Probe  
  58  9:08  Pylon  
  59  9:12  Phoenix (Chrono Boost)  
  61  9:20  Robotics Facility  
  61  9:23  Probe x2  
  63  9:24  Protoss Air Weapons Level 1 (Chrono Boost)  
  65  9:35  Probe  
  65  9:36  Phoenix (Chrono Boost)  
  66  9:40  Probe  
  67  9:45  Twilight Council  
  67  9:48  Probe, Forge  
  68  9:53  Probe  
  69  10:00  Probe  
  69  10:05  Probe  
  71  10:07  Observer  
  71  10:10  Protoss Ground Weapons Level 1 (Chrono Boost)  
  71  10:12  Probe  
  73  10:16  Probe, Charge (Chrono Boost)  
  73  10:17  Probe  
  75  10:23  Shield Battery  
  75  10:24  Probe  
  75  10:27  Templar Archives  
  76  10:30  Gateway  
  76  10:32  Sentry  
  76  10:33  Gateway  
  78  10:36  Pylon  
  78  10:37  Probe x2  
  80  10:44  Pylon  
  80  10:48  Gateway  
  80  10:49  Probe  
  81  10:50  Gateway, Probe  
  81  11:01  Immortal (Chrono Boost)  
  85  11:07  Zealot x3  
  91  11:19  Pylon  
  91  11:21  Pylon  
  88  11:34  Immortal (Chrono Boost)  
  86  11:46  Gateway  
  84  11:47  Photon Cannon  
  84  11:49  Nexus  
  84  11:50  Pylon  
  84  11:51  Photon Cannon, High Templar x4  
  84  11:52  Zealot x2  
  96  11:56  Archon x2  
  96  12:07  Pylon  
  95  12:09  Probe x3  
  95  12:10  Pylon  
  95  12:14  Gateway  
  98  12:20  Observer (Chrono Boost)  
  98  12:21  Probe  
  100  12:25  Assimilator  
  100  12:27  Assimilator  
  100  12:28  Zealot x4  
  100  12:29  Zealot  
  107  12:47  Zealot x3  
  93  12:54  Zealot x3  
  93  12:55  Zealot x2  
  93  12:57  Immortal (Chrono Boost)  
  85  13:07  Zealot x3  
  83  13:14  Zealot x2  
  83  13:15  Zealot  
  83  13:19  Zealot  
  81  13:24  Zealot x2  
  81  13:29  Immortal (Chrono Boost)  
  77  13:43  Assimilator  
  77  13:48  Protoss Ground Weapons Level 2 (Chrono Boost)  
  76  13:49  High Templar x3  
  76  13:51  Nexus  
  76  13:53  High Templar  
  83  14:00  Archon x2  
  83  14:02  Observer (Chrono Boost)  
  84  14:11  Probe x3, Pylon  
  84  14:12  Pylon  
  87  14:23  Probe x2  
  87  14:24  Probe  
  90  14:28  Dark Shrine  
  90  14:30  High Templar x2  
  94  14:35  Immortal, Probe x2  
  94  14:37  Probe  
  99  14:47  Probe  
  99  14:48  Probe  
  99  14:49  Assimilator, Probe  
  99  14:50  Photon Cannon  
  102  14:54  Pylon  
  102  14:57  Shield Battery  
  103  15:00  Probe  
  103  15:01  Shield Battery  
  103  15:02  Probe x2  
  103  15:03  Archon  
  103  15:04  High Templar x2  
  103  15:07  High Templar x2  
  111  15:11  Archon x2  
  113  15:21  Probe x2  
  113  15:22  Probe, Pylon  
  113  15:23  Photon Cannon  
  113  15:25  Immortal (Chrono Boost)  
  120  15:31  Zealot x3  
  126  15:38  Assimilator  
  126  15:45  Dark Templar  
  126  15:47  Dark Templar  
  126  15:48  Dark Templar  
  132  15:57  Photon Cannon  
  129  15:59  Probe x2  
  129  16:00  Probe  
  129  16:04  Immortal (Chrono Boost), Photon Cannon  
  136  16:06  Pylon  
  136  16:08  Assimilator  
  136  16:10  Probe  
  138  16:11  Probe  
  136  16:23  High Templar x4  
  140  16:29  Gateway  
  140  16:32  Gateway, Archon x2  
  140  16:36  Probe  
  140  16:38  Warp Prism (Chrono Boost), Probe x2  
  144  16:43  High Templar x2  
  144  16:44  Zealot x3  
  153  16:47  Probe  
  153  16:48  Probe  
  153  16:50  Probe  
  153  16:52  Archon  
  148  17:03  Zealot x4  
  148  17:04  Zealot x3  
  138  17:23  Zealot x5  
  138  17:24  Zealot x4  
  138  17:27  Zealot  
  138  17:28  Zealot x10  
  124  17:34  Immortal (Chrono Boost)  
  103  17:48  High Templar  
  103  17:49  High Templar x3  
  103  17:50  Nexus  
  111  17:52  High Templar x3, Pylon  
  111  17:53  Archon x2  
  111  17:54  High Templar  
  111  17:57  Archon  
  119  17:59  Archon, High Templar  
  119  18:00  High Templar  
  119  18:04  Archon  
  122  18:08  Zealot  
  107  18:23  Pylon  
  107  18:25  Zealot x7  
  107  18:26  Zealot  
  108  18:34  Zealot  
  108  18:35  Zealot x2  

Tags
 
Add a new tag
Caveats
  • Supply blocks, unpowered buildings, or Contaminate may cause inaccurate times.
  • Supply counts are checked every 10 seconds.